TOP OF THE 1ST |
Seattle (APP) Mariners batting - Pitching for Detroit (APP) Tigers : LHP Estêvão Cavadas
|
Pitching: LHP Estêvão Cavadas
|
|
Batting: SHB Tony Morales
|
0-0: Ball 1-0: Ball 2-0: Foul Ball, location: 2F 2-1: Ball 3-1: SINGLE (Groundball, 25, EV 58.8 MPH) (infield hit)
|
Batting: RHB Mike Conaway
|
0-0: Ball 1-0: Ball 2-0: Foul Ball, location: 2F 2-1: Ball Tony Morales steals 2nd base 3-1: SINGLE (Line Drive, 56D, EV 105.6 MPH) Tony Morales to third
|
Batting: RHB Tze-meng Li
|
0-0: Ball 1-0: Ball 2-0: Foul Ball, location: 2F 2-1: Grounds into double play, 4-6-3 (Groundball, 34, EV 80.0 MPH) Tony Morales scores
|
Batting: RHB Ivan Davila
|
0-0: Called Strike 0-1: Called Strike 0-2: Foul Ball, location: 2F 0-2: Fly out, F6 (Popup, 6, EV 75.0 MPH)
|
Top of the 1st over - 1 run, 2 hits, 0 errors, 0 left on base; Seattle (APP) 1 - Detroit (APP) 0 |
BOTTOM OF THE 1ST |
Detroit (APP) Tigers batting - Pitching for Seattle (APP) Mariners : RHP Luis Castro
|
Pitching: RHP Luis Castro
|
|
Batting: RHB Jon Goldstein
|
0-0: Called Strike 0-1: Ball 1-1: Ball 2-1: Ball 3-1: Base on Balls
|
Batting: RHB Adam MacConnell
|
0-0: Ball 1-0: Called Strike 1-1: Ball 2-1: Ball 3-1: Base on Balls Jon Goldstein to second
|
Batting: RHB Keith Hoffman
|
0-0: Ball 1-0: Called Strike 1-1: Called Strike 1-2: Grounds into double play, 6-4-3 (Groundball, 56D, EV 77.5 MPH) Jon Goldstein to third
|
Batting: LHB Bill Ford
|
0-0: Called Strike 0-1: Ball 1-1: Foul Ball, location: 2F 1-2: Ground out 3-1 (Groundball, 34S, EV 85.6 MPH)
|
Bottom of the 1st over - 0 runs, 0 hits, 0 errors, 1 left on base; Seattle (APP) 1 - Detroit (APP) 0 |
TOP OF THE 2ND |
Seattle (APP) Mariners batting - Pitching for Detroit (APP) Tigers : LHP Estêvão Cavadas
|
Batting: RHB Enrique Valdez
|
0-0: Ball 1-0: Swinging Strike 1-1: Foul Ball, location: 2F 1-2: SINGLE (Flyball, 9LS, EV 91.3 MPH)
|
Batting: RHB Chris Van Niel
|
0-0: Called Strike 0-1: Ball 1-1: Ball Wild Pitch! Enrique Valdez to second 2-1: Ball 3-1: Base on Balls
|
Batting: SHB Fernando Jasso
|
0-0: Called Strike 0-1: Ball 1-1: Foul Ball, location: 2F 1-2: Ball 2-2: Foul Ball, location: 2F 2-2: Ground out 5-3 (Groundball, 56S, EV 71.3 MPH) Enrique Valdez to third Chris Van Niel to second
|
Batting: RHB Franklin Romero
|
0-0: DOUBLE (Flyball, 8RD, EV 105.0 MPH) Enrique Valdez scores Chris Van Niel scores
|
Batting: RHB Houston Brock
|
0-0: Called Strike 0-1: Ball 1-1: Fly out, F4 (Popup, 34, EV 61.9 MPH)
|
Batting: SHB Tony Morales
|
0-0: Called Strike 0-1: Swinging Strike 0-2: Ball 1-2: Ball 2-2: Ground out 6-3 (Groundball, 6, EV 81.3 MPH)
|
Top of the 2nd over - 2 runs, 2 hits, 0 errors, 1 left on base; Seattle (APP) 3 - Detroit (APP) 0 |
BOTTOM OF THE 2ND |
Detroit (APP) Tigers batting - Pitching for Seattle (APP) Mariners : RHP Luis Castro
|
Batting: RHB Mike Sebastian
|
0-0: Ball 1-0: Ball 2-0: Foul Ball, location: 2F 2-1: Ball 3-1: Base on Balls
|
Batting: RHB Brandon Everett
|
0-0: Ball Mike Sebastian steals 2nd base 1-0: Ball 2-0: Foul Ball, location: 2F 2-1: Ball 3-1: Ground out 4-3 (Groundball, 4, EV 89.4 MPH) Mike Sebastian to third
|
Batting: RHB Jose Evangelista
|
0-0: Foul Ball, location: 2F 0-1: Foul Ball, location: 2F 0-2: Strikes out looking
|
Batting: RHB Willie Ochoa
|
0-0: Ball 1-0: Swinging Strike 1-1: Foul Ball, location: 2F 1-2: Ball 2-2: Ball 3-2: Strikes out swinging
|
Bottom of the 2nd over - 0 runs, 0 hits, 0 errors, 1 left on base; Seattle (APP) 3 - Detroit (APP) 0 |
TOP OF THE 3RD |
Seattle (APP) Mariners batting - Pitching for Detroit (APP) Tigers : LHP Estêvão Cavadas
|
Batting: RHB Mike Conaway
|
0-0: Ball 1-0: Swinging Strike 1-1: Ball 2-1: Ball 3-1: Bunt for hit to 13 - play at first, batter OUT! 1-3
|
Batting: RHB Tze-meng Li
|
0-0: Ball 1-0: Ground out 6-3 (Groundball, 6M, EV 90.6 MPH)
|
Batting: RHB Ivan Davila
|
0-0: Ball 1-0: Fly out, F8 (Flyball, 78D, EV 98.1 MPH)
|
Top of the 3rd over - 0 runs, 0 hits, 0 errors, 0 left on base; Seattle (APP) 3 - Detroit (APP) 0 |
BOTTOM OF THE 3RD |
Detroit (APP) Tigers batting - Pitching for Seattle (APP) Mariners : RHP Luis Castro
|
Batting: RHB Jamie Villagrana
|
0-0: Ball 1-0: Ball 2-0: Foul Ball, location: 2F 2-1: Called Strike 2-2: Strikes out swinging, 2-3 out at first.
|
Batting: RHB Jon Goldstein
|
0-0: Fly out, F8 (Line Drive, 8LD, EV 97.5 MPH)
|
Batting: RHB Adam MacConnell
|
0-0: Foul Ball, location: 2F 0-1: Ball 1-1: Swinging Strike 1-2: Strikes out swinging
|
Bottom of the 3rd over - 0 runs, 0 hits, 0 errors, 0 left on base; Seattle (APP) 3 - Detroit (APP) 0 |
TOP OF THE 4TH |
Seattle (APP) Mariners batting - Pitching for Detroit (APP) Tigers : LHP Estêvão Cavadas
|
Batting: RHB Enrique Valdez
|
0-0: Ball 1-0: Ball 2-0: Called Strike 2-1: DOUBLE (Flyball, 89D, EV 98.8 MPH)
|
Batting: RHB Chris Van Niel
|
0-0: Ball 1-0: Foul Ball, location: 2F 1-1: Ball 2-1: Called Strike 2-2: SINGLE (Groundball, 6D, EV 101.3 MPH) Enrique Valdez to third
|
Batting: SHB Fernando Jasso
|
0-0: Ball 1-0: Ball 2-0: Called Strike 2-1: Ball Chris Van Niel steals 2nd base 3-1: Base on Balls
|
Batting: RHB Franklin Romero
|
0-0: Fly out, F8 (Flyball, 89XD, EV 110.6 MPH) Runner from 3rd tags up, SCORES, no throw by CF Chris Van Niel to third
|
Batting: RHB Houston Brock
|
0-0: Grounds into double play, 6-4-3 (Groundball, 6, EV 88.8 MPH)
|
Top of the 4th over - 1 run, 2 hits, 0 errors, 1 left on base; Seattle (APP) 4 - Detroit (APP) 0 |
BOTTOM OF THE 4TH |
Detroit (APP) Tigers batting - Pitching for Seattle (APP) Mariners : RHP Luis Castro
|
Batting: RHB Keith Hoffman
|
0-0: Foul Ball, location: 2F 0-1: Called Strike 0-2: Ball 1-2: Ball 2-2: Strikes out swinging
|
Batting: LHB Bill Ford
|
0-0: Called Strike 0-1: Ball 1-1: Ball 2-1: Ball 3-1: Ground out 6-3 (Groundball, 6M, EV 101.9 MPH)
|
Batting: RHB Mike Sebastian
|
0-0: Fly out, F2 (Popup, 2LF, EV 90.6 MPH)
|
Bottom of the 4th over - 0 runs, 0 hits, 0 errors, 0 left on base; Seattle (APP) 4 - Detroit (APP) 0 |
TOP OF THE 5TH |
Seattle (APP) Mariners batting - Pitching for Detroit (APP) Tigers : LHP Estêvão Cavadas
|
Batting: SHB Tony Morales
|
0-0: Called Strike 0-1: Fly out, F9 (Line Drive, 9, EV 92.5 MPH)
|
Batting: RHB Mike Conaway
|
0-0: Called Strike 0-1: SINGLE (Line Drive, 9S, EV 103.1 MPH)
|
Batting: RHB Tze-meng Li
|
0-0: Called Strike 0-1: Ball 1-1: Called Strike 1-2: Ground out U3 (Groundball, 3S, EV 67.5 MPH) Mike Conaway to second
|
Pitching: RHP Jerome Stady
|
|
Batting: RHB Ivan Davila
|
0-0: Reached on error, E4 (Groundball, 4S, EV 91.3 MPH) Mike Conaway to third
|
Batting: RHB Enrique Valdez
|
0-0: Called Strike 0-1: SINGLE (Groundball, 34, EV 96.3 MPH) Mike Conaway scores Ivan Davila to second
|
Batting: RHB Chris Van Niel
|
0-0: Ball 1-0: Ball 2-0: 3-RUN HOME RUN (Flyball, 7D, EV 96.9 MPH), Distance : 373 ft
|
Batting: SHB Fernando Jasso
|
0-0: Ground out 6-3 (Groundball, 56, EV 106.9 MPH)
|
Top of the 5th over - 4 runs, 3 hits, 1 error, 0 left on base; Seattle (APP) 8 - Detroit (APP) 0 |
BOTTOM OF THE 5TH |
Detroit (APP) Tigers batting - Pitching for Seattle (APP) Mariners : RHP Luis Castro
|
Batting: RHB Brandon Everett
|
0-0: Ball 1-0: Ground out 1-3 (Groundball, 15S, EV 70.0 MPH)
|
Batting: RHB Jose Evangelista
|
0-0: Ball 1-0: Ball 2-0: Foul Ball, location: 2F 2-1: Swinging Strike 2-2: Strikes out swinging
|
Batting: RHB Willie Ochoa
|
0-0: Foul Ball, location: 2F 0-1: Ball 1-1: Called Strike 1-2: Strikes out swinging
|
Bottom of the 5th over - 0 runs, 0 hits, 0 errors, 0 left on base; Seattle (APP) 8 - Detroit (APP) 0 |
TOP OF THE 6TH |
Seattle (APP) Mariners batting - Pitching for Detroit (APP) Tigers : RHP Jerome Stady
|
Batting: RHB Franklin Romero
|
0-0: Ball 1-0: Called Strike 1-1: Fly out, F8 (Line Drive, 8LD, EV 91.3 MPH)
|
Batting: RHB Houston Brock
|
0-0: Called Strike 0-1: Ground out U3 (Groundball, 3, EV 83.1 MPH)
|
Batting: SHB Tony Morales
|
0-0: Foul Ball, location: 2F 0-1: Ball 1-1: Foul Ball, location: 2F 1-2: Foul Ball, location: 2F 1-2: Ball 2-2: Ball 3-2: Foul Ball, location: 2F 3-2: Strikes out swinging
|
Top of the 6th over - 0 runs, 0 hits, 0 errors, 0 left on base; Seattle (APP) 8 - Detroit (APP) 0 |
BOTTOM OF THE 6TH |
Detroit (APP) Tigers batting - Pitching for Seattle (APP) Mariners : RHP Luis Castro
|
Batting: RHB Jamie Villagrana
|
0-0: Ball 1-0: Ball 2-0: Foul Ball, location: 2F 2-1: Ball 3-1: Base on Balls
|
Batting: RHB Jon Goldstein
|
0-0: Fly out, F7 (Flyball, 78S, EV 85.0 MPH)
|
Pitching: RHP Sid Lampone
|
|
Batting: RHB Adam MacConnell
|
0-0: Ball Wild Pitch! Jamie Villagrana to second 1-0: Ball 2-0: Called Strike 2-1: Ball 3-1: Base on Balls
|
Batting: RHB Keith Hoffman
|
0-0: Called Strike 0-1: Ball 1-1: Ball 2-1: DOUBLE (Line Drive, 78M, EV 100.6 MPH) Jamie Villagrana scores Adam MacConnell to third
|
Batting: LHB Bill Ford
|
0-0: Ball 1-0: Ground out 6-3 (Groundball, 6, EV 81.9 MPH) Adam MacConnell scores
|
Batting: RHB Mike Sebastian
|
0-0: Ball 1-0: SINGLE (Groundball, 56, EV 105.0 MPH) (infield hit) Keith Hoffman to third
|
Batting: RHB Brandon Everett
|
0-0: Ground out 4-3 (Groundball, 34D, EV 101.9 MPH)
|
Bottom of the 6th over - 2 runs, 2 hits, 0 errors, 2 left on base; Seattle (APP) 8 - Detroit (APP) 2 |
TOP OF THE 7TH |
Seattle (APP) Mariners batting - Pitching for Detroit (APP) Tigers : RHP Jerome Stady
|
Batting: RHB Mike Conaway
|
0-0: Swinging Strike 0-1: Ball 1-1: Ball 2-1: Ball 3-1: Base on Balls
|
Pitching: RHP Scott King
|
|
Batting: RHB Tze-meng Li
|
0-0: Ground out 5-3 (Groundball, 56S, EV 67.5 MPH) Mike Conaway to second
|
Batting: RHB Ivan Davila
|
0-0: Called Strike 0-1: Swinging Strike 0-2: Foul Ball, location: 2F 0-2: Foul Ball, location: 2F 0-2: Strikes out swinging
|
Batting: RHB Enrique Valdez
|
0-0: Called Strike 0-1: Swinging Strike 0-2: Ball 1-2: Strikes out swinging
|
Top of the 7th over - 0 runs, 0 hits, 0 errors, 1 left on base; Seattle (APP) 8 - Detroit (APP) 2 |
BOTTOM OF THE 7TH |
Detroit (APP) Tigers batting - Pitching for Seattle (APP) Mariners : RHP Sid Lampone
|
Batting: RHB Jose Evangelista
|
0-0: Called Strike 0-1: Ball 1-1: Ground out 6-3 (Groundball, 6, EV 87.5 MPH)
|
Batting: RHB Willie Ochoa
|
0-0: Called Strike 0-1: Ball 1-1: Ball 2-1: Foul Ball, location: 2F 2-2: Ball 3-2: Base on Balls
|
Batting: RHB Jamie Villagrana
|
0-0: Called Strike 0-1: Fly out, F8 (Flyball, 8RXD, EV 103.8 MPH)
|
Batting: RHB Jon Goldstein
|
0-0: Ball 1-0: Ball 2-0: Ball 3-0: Base on Balls Willie Ochoa to second
|
Batting: RHB Adam MacConnell
|
0-0: Ball 1-0: Foul Ball, location: 2F 1-1: Ground out 5-3 (Groundball, 56S, EV 85.6 MPH)
|
Bottom of the 7th over - 0 runs, 0 hits, 0 errors, 2 left on base; Seattle (APP) 8 - Detroit (APP) 2 |
TOP OF THE 8TH |
Seattle (APP) Mariners batting - Pitching for Detroit (APP) Tigers : RHP Scott King
|
Batting: RHB Chris Van Niel
|
0-0: Ball 1-0: Called Strike 1-1: Swinging Strike 1-2: Strikes out looking
|
Batting: SHB Fernando Jasso
|
0-0: Called Strike 0-1: Called Strike 0-2: Ball 1-2: Foul Ball, location: 2F 1-2: Ground out 6-3 (Groundball, 6, EV 87.5 MPH)
|
Batting: RHB Franklin Romero
|
0-0: Swinging Strike 0-1: Foul Ball, location: 2F 0-2: Strikes out looking
|
Top of the 8th over - 0 runs, 0 hits, 0 errors, 0 left on base; Seattle (APP) 8 - Detroit (APP) 2 |
BOTTOM OF THE 8TH |
Detroit (APP) Tigers batting - Pitching for Seattle (APP) Mariners : RHP Sid Lampone
|
Batting: RHB Keith Hoffman
|
0-0: Called Strike 0-1: Foul Ball, location: 2F 0-2: Foul Ball, location: 2F 0-2: Ball 1-2: Ball 2-2: Strikes out swinging
|
Batting: LHB Bill Ford
|
0-0: Ball 1-0: Called Strike 1-1: TRIPLE (Line Drive, 89XD, EV 103.8 MPH)
|
Pitching: RHP Harry Hammons
|
|
Batting: RHB Mike Sebastian
|
0-0: Ball 1-0: Called Strike 1-1: Foul Ball, location: 2F 1-2: Ball Wild Pitch! Bill Ford scores 2-2: Ball 3-2: Ground out 5-3 (Groundball, 5, EV 99.4 MPH)
|
Batting: RHB Brandon Everett
|
0-0: Ball 1-0: Swinging Strike 1-1: Ball 2-1: Ball 3-1: Base on Balls
|
Batting: RHB Jose Evangelista
|
0-0: Ball 1-0: Ball 2-0: Ball 3-0: Called Strike 3-1: Base on Balls Brandon Everett to second
|
Batting: RHB Willie Ochoa
|
0-0: Ball 1-0: Ball 2-0: Foul Ball, location: 2F 2-1: Ground out U3 (Groundball, 3, EV 103.1 MPH)
|
Bottom of the 8th over - 1 run, 1 hit, 0 errors, 2 left on base; Seattle (APP) 8 - Detroit (APP) 3 |
TOP OF THE 9TH |
Seattle (APP) Mariners batting - Pitching for Detroit (APP) Tigers : RHP Scott King
|
Pitching: RHP Kyle Moore
|
|
Batting: RHB Houston Brock
|
0-0: Ball 1-0: Called Strike 1-1: Ball 2-1: Foul Ball, location: 2F 2-2: Ball 3-2: Fly out, F6 (Flyball, 4MD, EV 85.6 MPH)
|
Batting: SHB Tony Morales
|
0-0: Called Strike 0-1: Ball 1-1: Ball 2-1: Ball 3-1: Base on Balls
|
Batting: RHB Mike Conaway
|
0-0: Ball 1-0: Ball 2-0: Called Strike 2-1: Ground out 6-3 (Groundball, 6S, EV 73.1 MPH) Tony Morales to second
|
Batting: RHB Tze-meng Li
|
0-0: Ball 1-0: Foul Ball, location: 2F 1-1: Ball 2-1: Ground out U3 (Groundball, 34S, EV 90.0 MPH)
|
Top of the 9th over - 0 runs, 0 hits, 0 errors, 1 left on base; Seattle (APP) 8 - Detroit (APP) 3 |
BOTTOM OF THE 9TH |
Detroit (APP) Tigers batting - Pitching for Seattle (APP) Mariners : RHP Harry Hammons
|
Batting: RHB Jamie Villagrana
|
0-0: Swinging Strike 0-1: Called Strike 0-2: Strikes out swinging
|
Batting: RHB Jon Goldstein
|
0-0: Fly out, F9 (Line Drive, 9, EV 88.8 MPH)
|
Batting: RHB Adam MacConnell
|
0-0: Ball 1-0: Ball 2-0: Called Strike 2-1: Ball 3-1: Base on Balls
|
Pitching: RHP Chris Julien
|
|
Batting: RHB Keith Hoffman
|
0-0: Fly out, F3 (Popup, 3F, EV 82.5 MPH)
|
Bottom of the 9th over - 0 runs, 0 hits, 0 errors, 1 left on base; Seattle (APP) 8 - Detroit (APP) 3 |
|